 Dungeon Crawl Stone Soup version 0.28-a0-1087-gf3fc490d9d (webtiles) character file.

Game seed: 13769968431112349624

516934 demibob the Cryomancer (level 24, -2/208 HPs)
             Began as a Demonspawn Wanderer on Dec 6, 2021.
             Was the Champion of Qazlal.
             Splashed by a caustic shrike's acid (8 damage)
             ... on level 7 of a ziggurat on Dec 10, 2021.
             The game lasted 05:08:20 (81922 turns).

demibob the Cryomancer (Demonspawn Wanderer)       Turns: 81922, Time: 05:08:20

Health: -2/208     AC: 32    Str: 16    XL:     24   Next: 2%
Magic:  19/40      EV: 15    Int: 30    God:    Qazlal [******]
Gold:   2468       SH: 12    Dex: 14    Spells: 17/50 levels left

rFire   + . .      SeeInvis +   b - staff of cold {!a}
rCold   + + +      Faith    .   (no shield)
rNeg    + . .      Spirit   .   B - +5 ring mail {rF+}
rPois   +          Reflect  .   s - +2 helmet {SInv}
rElec   .          Harm     .   (cloak unavailable)
rCorr   .          Rampage  .   S - +3 pair of gauntlets of War {Slay+5}
Will    +++++      Clarity  +   H - +2 pair of boots {Fly}
Stlth   +.........              O - amulet of the Four Winds {rN+ Will+++ Clar}
HPRegen 0.44/turn               t - ring of the Mage {Wiz Will++ Int+3}
MPRegen 0.27/turn               I - ring of Xyrenoypn {rC++ Int+6}

@: in a vortex, corroded, flying, slowed, studying Polearms, repel missiles,
very slow
A: slimy green scales 3, icemail 2, condensation shield, demonic magic 3,
demonic willpower, weakness stinger 3, wild magic 1, MP-powered wands
}: 3/15 runes: decaying, silver, gossamer
a: Renounce Religion, Upheaval, Elemental Force, Disaster Area


You were on level 7 of a ziggurat.
You worshipped Qazlal.
Qazlal was exalted by your worship.
You visited 8 branches of the dungeon, and saw 43 of its levels.
You visited the Abyss 1 time.
You visited 3 bazaars.
You visited 1 ziggurat, and saw 7 of its levels.
You also visited: Ossuary, Ice Cave and Wizlab.

You collected 8277 gold pieces.
You spent 5809 gold pieces at shops.


Innate Abilities, Weirdness & Mutations

You are completely covered in slimy green scales. (AC +4, rPois)
A meltable icy envelope protects you from harm. (AC +8)
A meltable shield of frost defends you. (SH +4)
Spells you cast and wands you use may paralyse nearby enemies.
You punish those that try to bend your will. (Will+)
You have a sharp stinger which inflicts weakening toxins.
Your spells are a little harder to cast, but a little more powerful.
You expend magic power (3 MP) to strengthen your wands.


   Skills:
 + Level 21.0 Fighting
 - Level 14.0 Staves
 - Level 1.0 Throwing
 - Level 13.2 Armour
 - Level 10.0 Dodging
 - Level 1.0 Stealth
 - Level 1.0 Shields
 - Level 13.7 Spellcasting
 - Level 3.7 Conjurations
 - Level 1.0 Summonings
 - Level 3.4 Necromancy
 + Level 26.1 Ice Magic
 - Level 1.9 Air Magic
 - Level 3.0 Invocations
 - Level 8.1 Evocations


You had 17 spell levels left.
You knew the following spells:

 Your Spells              Type           Power      Damage    Failure   Level
c - Ozocubu's Refrigerat  Ice            74%        4d19      1%          7
f - Freezing Cloud        Conj/Ice/Air   52%        6-21      1%          5
o - Ozocubu's Armour      Ice            100%       N/A       1%          3
r - Frozen Ramparts       Ice            100%       1d12      1%          3
s - Simulacrum            Ice/Necr       59%        N/A       1%          6
X - Polar Vortex          Ice            74%        N/A       5%          9

Your spell library contained the following spells:

 Spells                   Type           Power      Damage    Failure   Level
 Animate Skeleton         Necr           100%       N/A       1%          1
 Magic Dart               Conj           100%       1d8       1%          1
 Pain                     Necr           100%       1d9       1%          1
 Summon Small Mammal      Summ           100%       N/A       1%          1
 Corpse Rot               Necr/Air       94%        N/A       1%          2
 Sublimation of Blood     Necr           52%        N/A       1%          2
 Vampiric Draining        Necr           52%        2d9       1%          3
 Hailstorm                Conj/Ice       100%       3d20      1%          4
 Ice Form                 Ice/Tmut       100%       N/A       1%          4
 Summon Ice Beast         Ice/Summ       100%       N/A       1%          4
 Apportation              Tloc           52%        N/A       2%          1
 Beastly Appendage        Tmut           52%        N/A       2%          1
 Slow                     Hex            100%       N/A       2%          1
 Call Imp                 Summ           34%        N/A       2%          2
 Poisonous Vapours        Pois/Air       68%        N/A       2%          2
 Blink                    Tloc           52%        N/A       3%          2
 Wereblood                Tmut           26%        N/A       3%          2
 Conjure Flame            Conj/Fire      41%        6-21      3%          3
 Mephitic Cloud           Conj/Pois/Air  41%        N/A       3%          3
 Stone Arrow              Conj/Erth      82%        3d12      3%          3
 Call Canine Familiar     Summ           34%        N/A       4%          3
 Summon Guardian Golem    Hex/Summ       30%        N/A       5%          3
 Animate Dead             Necr           26%        N/A       5%          4
 Confusing Touch          Hex            26%        N/A       6%          3
 Gell's Gravitas          Tloc           26%        N/A       6%          3
 Lesser Beckoning         Tloc           26%        N/A       6%          3
 Portal Projectile        Hex/Tloc       52%        N/A       6%          3
 Spider Form              Tmut/Pois      26%        N/A       6%          3
 Teleport Other           Tloc           26%        N/A       6%          3
 Airstrike                Air            20%        N/A       10%         4
 Summon Lightning Spire   Summ/Air       38%        N/A       12%         4
 Iskenderun's Battlesphe  Conj           54%        2d10      12%         5
 Agony                    Necr           52%        N/A       14%         5
 Excruciating Wounds      Necr           26%        N/A       14%         5
 Animate Armour           Summ/Erth      60%        N/A       16%         4
 Lightning Bolt           Conj/Air       24%        1d39      17%         5
 Leda's Liquefaction      Hex/Erth       13%        N/A       21%         4
 Olgreb's Toxic Radiance  Pois           26%        N/A       21%         4
 Petrify                  Tmut/Erth      26%        N/A       21%         4
 Fireball                 Conj/Fire      20%        3d10      24%         5
 Irradiate                Conj/Tmut      20%        3d20      24%         5
 Silence                  Hex/Air        17%        N/A       32%         5
 Summon Forest            Summ/Tloc      15%        N/A       38%         5
 Summon Mana Viper        Hex/Summ       30%        N/A       38%         5
 Alistair's Intoxication  Tmut/Pois      17%        N/A       45%         5
 Lee's Rapid Deconstruct  Erth           13%        3d10*     45%         5
 Manifold Assault         Tloc           26%        N/A       45%         5
 Yara's Violent Unravell  Hex/Tmut       13%        3d7       45%         5
 Conjure Ball Lightning   Conj/Air       24%        3x3d7     61%         6
 Starburst                Conj/Fire      20%        6d7       75%         6
 Dispersal                Tloc           13%        N/A       92%         6
 Eringya's Noxious Bog    Tmut/Pois      13%        N/A       92%         6
 Statue Form              Tmut/Erth      17%        N/A       92%         6
 Orb of Destruction       Conj           27%        9d11      95%         7
 Haunt                    Necr/Summ      22%        N/A       99%         7
 Spellforged Servitor     Conj/Summ      22%        N/A       99%         7
 Monstrous Menagerie      Summ           17%        N/A       100%        7
 Summon Hydra             Summ           17%        N/A       100%        7
 Borgnjor's Revivificati  Necr           26%        N/A       100%        8
 Ignition                 Fire           13%        3d6       100%        8
 Infestation              Necr           26%        N/A       100%        8
 Lehudib's Crystal Spear  Conj/Erth      20%        10d6      100%        8

Inventory:

Hand Weapons
 a - the +5 lajatang of Dishonesty {speed, Str+2 Int+2}
   (You acquired it on level 13 of the Dungeon)

   Attacks with this weapon are significantly faster.
   Str:       It affects your strength (+2).
   Int:       It affects your intelligence (+2).
Armour
 s - a +2 helmet of see invisible (worn)
 B - a +5 ring mail of fire resistance (worn)
 H - a +2 pair of boots of flying (worn)
 S - the +3 pair of gauntlets of War (worn) {Slay+5}
   (You found it on level 3 of the Elven Halls)

   Slay:      It affects your accuracy & damage with ranged weapons and melee
   (+5).
Magical Staves
 b - a staff of cold (weapon) {!a}
Jewellery
 t - the ring of the Mage (left hand) {Wiz Will++ Int+3}
   (You took it off a deep elf demonologist on level 3 of the Elven Halls)

   [ring of wizardry]

   It improves your spell success rate.
   Int:       It affects your intelligence (+3).
   Will:      It greatly increases your willpower.
 v - a ring of see invisible
 A - an amulet of reflection
 C - a ring of ice
 E - a +4 ring of evasion
 F - a ring of protection from fire
 I - the ring of Xyrenoypn (right hand) {rC++ Int+6}
   (You bought it in a shop on level 2 of the Orcish Mines)

   [ring of intelligence]

   Int:       It affects your intelligence (+6).
   rC:        It greatly protects you from cold.
 L - a ring of flight
 O - the amulet of the Four Winds (around neck) {rN+ Will+++ Clar}
   (You took it off a deep elf master archer on level 3 of the Elven Halls)

   [amulet of nothing]

   rN:        It protects you from negative energy.
   Clar:      It protects you against confusion.
   Will:      It greatly increases your willpower.
 R - a ring of resist corrosion
 T - a +4 ring of protection
 W - a ring of willpower
 Y - a +4 ring of slaying
 Z - a ring of wizardry
Wands
 c - a wand of acid (22)
 h - a wand of iceblast (29)
 j - a wand of digging (8)
 M - a wand of mindburst (4)
 N - a wand of charming (37)
 X - a wand of paralysis (8)
Scrolls
 n - 4 scrolls of silence {!r}
 p - a scroll of magic mapping
 w - a scroll of summoning
 x - 4 scrolls of amnesia
 y - 3 scrolls of enchant armour
 z - 13 scrolls of teleportation {@r2}
 D - 6 scrolls of fog
 G - 2 scrolls of fear
 K - 8 scrolls of blinking
 Q - 21 scrolls of identify {@r1}
Potions
 d - 4 potions of haste {@q3}
 i - a potion of berserk rage {!q}
 k - 16 potions of mutation
 l - 5 potions of invisibility
 m - 5 potions of curing {@q1}
 o - 9 potions of cancellation
 r - 4 potions of brilliance
 u - 5 potions of ambrosia
 J - 5 potions of might
 V - 4 potions of resistance
Miscellaneous
 g - a phial of floods
 U - a phantom mirror

Dungeon Overview and Level Annotations

Branches:
Dungeon (15/15)            Temple (0/1) D:6            Lair (6/6) D:10
  Swamp (4/4) Lair:4       Spider (4/4) Lair:4        Slime (0/5) Lair:5
    Orc (2/2) D:10            Elf (3/3) Orc:2        Vaults (5/5) D:13
  Crypt (0/3) Vaults:2     Depths (4/4) D:15            Zot (0/5) Depths:4
Ossuary (visited)           IceCv (visited)          WizLab (visited)

Altars:
Cheibriados
Elyvilon
Fedhas
Gozag
Hepliaklqana
Makhleb
Nemelex Xobeh
Okawaru
Qazlal
Sif Muna
Trog
Vehumet
Wu Jian
Yredelemnul
The Shining One
Beogh

Shops:
D:9 ?   Orc:1 ?   Orc:2 :=*=   Elf:3 *   Vaults:2 :   Depths:1 =
Depths:2 *?::!

Portals:
Hell: Depths:1 Depths:2 Depths:3 Depths:4
Abyss: Depths:3
Pandemonium: Depths:2 Depths:3

Annotations:
D:4 exclusion: statue
Elf:2 3 runed translucent doors ███████

████§§§§§..
█§§§§§§§§..
█§§§§§§§§..
█§§B§§§§§..
█§§§§§§§C..
█§b@§§§§D..
█§§§§§§9D..
█§§§§§§§§..
█§§§§§§§§..
█§§§§§§§§..
████§§§§§..


███████ You could see an iron giant, 2 iron dragons, a caustic shrike, an
entropy weaver and a gargoyle.


Message History

* * * LOW HITPOINT WARNING * * *
The entropy weaver gestures at you while chanting.
The entropic weave corrodes you!
An iron giant comes into view. It is wielding a +0 giant club.
The caustic shrike misses you.
An iron dragon comes into view.
Casting: Polar Vortex (dangerous; 5% risk of failure)
Confirm with . or Enter, or press ? or * to list all spells.
You don't know that spell.
Unknown command.
You feel better. The caustic shrike claws you.
* * * LOW HITPOINT WARNING * * *
You are splashed with acid.
* * * LOW HITPOINT WARNING * * *
A gargoyle comes into view. It is wielding a +0 flail.
An iron dragon comes into view.
The iron giant throws the torpor snail at you!
The torpor snail bites you but does no damage.
Being near the torpor snail leaves you feeling lethargic.
You block the caustic shrike's attack.
You kill the torpor snail!
Qazlal accepts your kill. The caustic shrike claws you!
* * * LOW HITPOINT WARNING * * *
You are splashed with acid!
* * * LOW HITPOINT WARNING * * *
The caustic shrike claws you.
* * * LOW HITPOINT WARNING * * *
You are splashed with acid!
You die...

Skill      XL: |  1  2  3  4  5  6  7  8  9 10 11 12 13 14 15 16 17 18 19 20 21 22 23 |
---------------+----------------------------------------------------------------------+-----
Staves         | 2 3 4 5 6 7 8 10 11 13 14 | 14.0
Armour         | 1 2 4 7 9 10 12 13 | 13.2
Invocations    | 1 3 |  3.0
Ice Magic      | 3 4 5 7 8 10 13 16 17 18 20 22 23 25 26 | 26.1
Evocations     | 3 5 7 8 |  8.1
Spellcasting   | 3 4 5 6 9 10 12 13 | 13.7
Dodging        | 3 8 10 | 10.0
Conjurations   | 3 |  3.7
Air Magic      | 1 |  1.9
Fighting       | 5 8 9 10 12 17 21 | 21.0
Necromancy     | 3 |  3.4
Throwing       | |  1.0
Stealth        | |  1.0
Shields        | |  1.0
Summonings     | |  1.0

Action                   |  1- 3 |  4- 6 |  7- 9 | 10-12 | 13-15 | 16-18 | 19-21 | 22-24 || total
-------------------------+-------+-------+-------+-------+-------+-------+-------+-------++-------
Melee: Quarterstaff      |   110 |   223 |   372 |  1178 |   368 |       |       |       ||  2251
       Tailslap          |       |    22 |    50 |   184 |   169 |   238 |   193 |   142 ||   998
       Lajatang          |       |       |       |       |   695 |  1329 |  1016 |   551 ||  3591
       Staff             |       |       |       |       |    15 |    24 |   191 |   220 ||   450
Throw: Dart              |       |       |     4 |    49 |       |       |       |       ||    53
 Cast: Ozocubu's Armour  |       |       |       |    21 |    64 |    47 |    46 |    10 ||   188
       Freezing Cloud    |       |       |       |       |    63 |   164 |   213 |    41 ||   481
       Ozocubu's Refrige |       |       |       |       |    36 |    11 |    48 |       ||    95
       Simulacrum        |       |       |       |       |       |     4 |       |       ||     4
       Polar Vortex      |       |       |       |       |       |       |     8 |    60 ||    68
Invok: Upheaval          |       |     2 |     2 |     9 |       |       |       |       ||    13
       Disaster Area     |       |       |       |     1 |       |       |       |       ||     1
Evoke: Wand              |       |       |       |     7 |     4 |     2 |     2 |     1 ||    16
       Lightning rod     |       |       |       |       |       |     8 |     4 |       ||    12
       Phantom mirror    |       |       |       |       |       |     1 |     1 |       ||     2
  Use: Potion            |     1 |     2 |     5 |     7 |     8 |    19 |     7 |     9 ||    58
       Scroll            |     1 |     8 |     2 |    21 |     6 |    10 |    13 |    11 ||    72
 Stab: Sleeping          |     4 |       |       |       |       |       |       |       ||     4
       Paralysed         |       |       |       |    21 |    73 |    82 |    60 |    35 ||   271
       Held in net/web   |       |       |       |       |       |     2 |       |       ||     2
       Distracted        |       |       |       |       |       |     1 |       |       ||     1
Armor: Robe              |    25 |    20 |       |       |    79 |       |       |       ||   124
       Scale mail        |       |    86 |   160 |   231 |       |       |       |       ||   477
       Acid dragon scale |       |       |       |    60 |    15 |    49 |       |       ||   124
       Swamp dragon scal |       |       |       |       |       |   293 |   134 |       ||   427
       Ring mail         |       |       |       |       |       |       |   155 |   265 ||   420
Dodge: Dodged            |    95 |   101 |   185 |   360 |   268 |   336 |   228 |   234 ||  1807
       Repelled          |       |       |       |     4 |     5 |     3 |    23 |     7 ||    42
Block: Other             |       |    22 |    69 |   585 |   416 |   762 |   472 |   230 ||  2556
       Reflection        |       |       |       |    11 |    20 |    23 |    27 |       ||    81

Levels and vault maps discovered:
D:1:      minmay_arrival_solitary_statue, layout_loops_ring,
          minmay_misc_feat_nine_boxes, minmay_worlds_worst_comb
D:2:      layout_loops_corners, shapermc_ecumenical_altar_petra
D:3:      layout_loops_ring, lemuel_round_altar, st_stairs_11
D:4:      layout_basic, vehumet_statue, grunt_temple_overflow_bloody_war,
          mainiacjoe_overflow_catwalk_spiral, nicolae_ossuary_entry_monument,
          roderic_roman_lattice, chequers_hall_statues_corner_a
D:5:      minmay_inner_zag, layout_loops_cross,
          nicolae_wu_jian_immortal_techniques, uniq_sigmund, uniq_duvessa
D:6:      layout_basic, mainiacjoe_overflow_chevrons,
          minmay_temple_entry_mini_moons, uniq_pikel
D:7:      layout_basic, chequers_serial_rivers_large_b, uniq_harold
D:8:      layout_gridville
D:9:      layout_small_grid, old_standard_altar, amcnicky_altar_gilded,
          kennysheep_little_box, serial_shops, nicolae_take_the_stairs,
          bh_walls_and_bars
D:10:     layout_layer_cave, lightli_temple_of_fire, lemuel_tele_altar,
          lair_entry_dummy, orc_0_dummy, enter_bailey_3
D:11:     layout_loops_ring
D:12:     layout_stronghold, lemuel_old_faithful
D:13:     layout_gridville, david_vaults_5
D:14:     layout_irregular_city, serial_bayou_pond_c
D:15:     grunt_enter_depths_snipers, layout_small_grid, fedhas_altar_2
Lair:1:   layout_small_grid, portal_ice_cave_entry_imps,
          nicolae_quartered_pool_impasse, serial_bayou_shore_a,
          grunt_megastairs_1, uniq_gastronok, uniq_sonja
Lair:2:   layout_cave_pods, infiniplex_staircase_pool
Lair:3:   layout_roguey
Lair:4:   layout_layer_cave, minmay_swamp_entry_worms, spider_nest_entry_webs,
          serial_bayou, serial_bayou_pond_e, serial_bayou_ford_a,
          serial_bayou_lagoon_b, serial_bayou_pond_e
Lair:5:   layout_cave_shapes, nicolae_slime_entry_slimehenge
Lair:6:   gammafunk_lair_ancient_temple, layout_gridlike
Swamp:1:  layout_falls_marsh, serial_swamp_ruin, evilmike_swamp_ruin_house_6,
          evilmike_swamp_ruin_house_4, lightli_tree_ring, uniq_josephine
Swamp:2:  layout_basic_swamp, evilmike_swamp_ruin_house_3, swamp_pool1,
          grunt_lady_of_the_lake
Swamp:3:  layout_basic_swamp, nicolae_swamp_orc_logging_accident, swamp_pool1,
          uniq_mlioglotl, uniq_jorgrun
Swamp:4:  swamp, layout_basic_swamp
Spider:1: layout_spider_delve, nicolae_spider_checkerboard, uniq_louise
Spider:2: layout_chambers, drop_trap, nicolae_spider_some_kinda_spiderbox,
          hangedman_spider_tarantella_strand
Spider:3: layout_spider_delve, uniq_arachne
Spider:4: floodkiller_spider_rune_tomb, nicolae_spider_claw_tunnel
Orc:1:    layout_caves, serial_shops, shop, uniq_nergalle, uniq_urug
Orc:2:    pubby_orc_utopia
Elf:1:    eino_elf_arrival_customs, layout_geoelf_grid, serial_shops,
          statue_bzr, hangedman_elf_represent, minivault_14, uniq_agnes,
          uniq_roxanne
Elf:2:    nicolae_elf_blades_crystal_corner, layout_loops_ring
Elf:3:    minmay_elf_hall_not_hex, layout_geoelf_octagon, serial_shops,
          nicolae_shop_overgrown_old_shop, nicolae_danse_macabre
Vaults:1: nicolae_vaults_little_squares_3, v_rooms_5, v_misc_16, v_misc_9,
          ontoclasm_vaults_eye, v_misc_5, hangedman_vaults_locks, v_rooms_2,
          vaults_dpeg_ring, grunt_vaults_hallway_short, layout_vaults_omnicross
Vaults:2: grunt_vaults_focal, v_misc_32, hangedman_vaults_corner_blocks,
          nicolae_vaults_hallways_thing, nicolae_vaults_border_crossing,
          nicolae_vaults_theta, vaults_standard_mumra_enter_the_diamond,
          minmay_crypt_entry_simple_box, vaults_mumra_lcd, vaults_mumra_hex,
          nicolae_vaults_network_periphery, v_pattern_4, v_misc_22,
          layout_vaults_maze_bifur, serial_shops, bzr_entry_water,
          nicolae_shop_stone, uniq_asterion, uniq_bai_suzhen
Vaults:3: infiniplex_enter_wizlab_water, nicolae_vaults_mini_display_case,
          nicolae_vaults_alarming, nicolae_vaults_angled_halls,
          nicolae_vaults_angled_halls, v_misc_18, v_misc_9,
          ontoclasm_vaults_chip, vaults_room_fancy_cross, v_misc_29, v_misc_17,
          v_misc_22, vaults_dpeg_encased_lava, layout_vaults_big_room
Vaults:4: grunt_vaults_twisty, ontoclasm_vaults_loading_screen, v_rooms_4,
          hangedman_vaults_stream, v_misc_15, nicolae_vaults_circle_grid_b,
          vaults_room_fancy_cross, hangedman_vaults_slice, st_more_cells,
          v_misc_10, v_misc_15, layout_vaults_omnigrid
Vaults:5: serial_shops
Depths:1: layout_gridlike, minmay_misc_feat_five, serial_shops, shop_statue,
          grunt_hell_entry_dis_grunt, kennysheep_generic_room_12, uniq_sojobo
Depths:2: minmay_octagon_city, layout_basic, ziggurat_fallback,
          minmay_crystal_water, pf_vacation_house_of_asmodeus,
          grunt_pan_entry_in_and_out, serial_shops, nicolae_square_shop,
          nicolae_stop_n_shop_1, kennysheep_mini_moat, nicolae_shop_statue_plus,
          nicolae_diamond_shop
Depths:3: cross_vault, layout_basic, serial_sigils_hangedman_writhe,
          grunt_pan_entry_zigzag, hangedman_coc_ice_floe, abyss_entry,
          minivault_16, lemuel_zombie_altar_yredelemnul
Depths:4: grunt_zot_entry_bicorn, layout_honeycomb, serial_shops,
          bzr_entry_dummy, nicolae_hell_entry_hellmouth_sunbeams,
          uniq_saint_roka
Zig:7

Notes
Turn   | Place    | Note
-------+----------+-------------------------------------------
     0 | D:1      | demibob the Demonspawn Wanderer began the quest for the
                  | Orb.
     0 | D:1      | demibob set off with the following items: a +2
                  | quarterstaff, a potion of curing {@q1}, a +0 robe; and the
                  | following spell memorised: Summon Small Mammal; and the
                  | following spells available to memorise: Summon Guardian
                  | Golem
     0 | D:1      | Reached XP level 1. HP: 15/15 MP: 2/2
   280 | D:1      | Gained mutation: Spells you cast may paralyse adjacent
                  | enemies. [demonic ancestry]
   280 | D:1      | Reached XP level 2. HP: 21/21 MP: 3/3
   537 | D:1      | Reached skill level 2 in Staves
   591 | D:1      | Reached skill level 1 in Armour
  1231 | D:1      | Reached XP level 3. HP: 26/26 MP: 4/4
  2185 | D:2      | Reached skill level 3 in Staves
  2190 | D:2      | Gained mutation: You have a small tail. [demonic ancestry]
  2190 | D:2      | Reached XP level 4. HP: 26/32 MP: 5/5
  2394 | D:2      | Found a faded altar of an unknown god.
  2398 | D:2      | Prayed at the altar of an unknown god.
  2398 | D:2      | Became a worshipper of Qazlal Stormbringer
  2398 | D:2      | Reached * piety under Qazlal
  2830 | D:2      | Reached skill level 4 in Staves
  3612 | D:3      | Reached XP level 5. HP: 37/37 MP: 6/6
  3847 | D:3      | Reached ** piety under Qazlal
  4048 | D:4      | Found a radiant altar of Vehumet.
  4048 | D:4      | Noticed a frost-covered statue
  4073 | D:4      | Found a sand-covered staircase.
  4082 | Ossuary  | Entered an ossuary
  4114 | Ossuary  | Reached skill level 5 in Staves
  4114 | Ossuary  | Reached skill level 1 in Invocations
  4160 | Ossuary  | Gained mutation: You are partially covered in slimy green
                  | scales. (AC +2) [demonic ancestry]
  4160 | Ossuary  | Reached XP level 6. HP: 9/43 MP: 7/7
  4196 | Ossuary  | Reached skill level 2 in Invocations
  4347 | D:4      | Found a sparkling altar of Nemelex Xobeh.
  4355 | D:4      | Found a snail-covered altar of Cheibriados.
  4739 | D:4      | Found an iron altar of Okawaru.
  4739 | D:4      | Found a bloodstained altar of Trog.
  4745 | D:4      | Reached skill level 3 in Invocations
  5059 | D:4      | Learned a level 3 spell: Ozocubu's Armour
  5085 | D:5      | Entered Level 5 of the Dungeon
  5098 | D:5      | Reached skill level 6 in Staves
  5111 | D:5      | Gained mutation: Spells you cast may paralyse nearby
                  | enemies. [demonic ancestry]
  5111 | D:5      | Reached XP level 7. HP: 42/48 MP: 9/9
  5124 | D:5      | Noticed Sigmund
  5135 | D:5      | Killed Sigmund
  5136 | D:5      | Reached skill level 2 in Ice Magic
  5174 | D:5      | Reached skill level 7 in Staves
  5228 | D:5      | Identified a scroll of acquirement
  5228 | D:5      | Acquired a manual of Armour
  5270 | D:5      | Reached skill level 2 in Armour
  5270 | D:5      | Reached skill level 3 in Ice Magic
  5270 | D:5      | Reached XP level 8. HP: 34/54 MP: 10/10
  5294 | D:5      | Found an ornate altar of the Wu Jian Council.
  5505 | D:5      | Reached *** piety under Qazlal
  5533 | D:5      | Reached skill level 8 in Staves
  5533 | D:5      | Reached skill level 3 in Armour
  5606 | D:5      | Reached skill level 4 in Ice Magic
  5641 | D:5      | Reached skill level 4 in Armour
  6007 | D:5      | Noticed Dowan
  6020 | D:5      | Killed Dowan
  6258 | D:6      | Identified the +2 robe "Cyanod" {Int+2 Dex+3}
  6260 | D:6      | Reached XP level 9. HP: 50/59 MP: 6/11
  6326 | D:6      | Reached skill level 5 in Armour
  6353 | D:6      | Reached skill level 9 in Staves
  6448 | D:6      | Found a hazy altar of Hepliaklqana.
  6664 | D:6      | Reached skill level 5 in Ice Magic
  6696 | D:6      | Found a staircase to the Ecumenical Temple.
  6940 | D:6      | Noticed Pikel
  6994 | D:6      | Killed Pikel
  6995 | D:6      | Reached skill level 6 in Armour
  7222 | D:7      | Noticed Harold
  7243 | D:7      | Killed Harold
  7244 | D:7      | Reached skill level 10 in Staves
  7244 | D:7      | Reached skill level 7 in Armour
  7590 | D:7      | Gained mutation: A meltable shield of frost defends you.
                  | (SH +4) [demonic ancestry]
  7590 | D:7      | Reached XP level 10. HP: 65/65 MP: 12/12
  7617 | D:7      | Reached **** piety under Qazlal
  7622 | D:7      | Reached skill level 6 in Ice Magic
  8600 | D:8      | Reached skill level 8 in Armour
  9274 | D:8      | Reached skill level 11 in Staves
  9467 | D:9      | Found an opulent altar of Gozag.
  9572 | D:9      | Acquired a staff of cold
  9716 | D:9      | Reached ***** piety under Qazlal
  9982 | D:9      | Found a basalt altar of Yredelemnul.
 10022 | D:9      | Found Uvowawuo's Magic Scroll Shoppe.
 10371 | D:10     | Entered Level 10 of the Dungeon
 10387 | D:10     | Reached skill level 9 in Armour
 10387 | D:10     | Reached skill level 7 in Ice Magic
 10508 | D:10     | Noticed a two-headed ogre
 10524 | D:10     | Killed a two-headed ogre
 10525 | D:10     | Gained mutation: You have a tail ending in a sharp stinger.
                  | [demonic ancestry]
 10525 | D:10     | Reached XP level 11. HP: 40/70 MP: 13/13
 10567 | D:10     | Found a shimmering blue altar of Sif Muna.
 10962 | D:10     | Found a staircase to the Orcish Mines.
 11006 | D:10     | Reached skill level 12 in Staves
 11047 | D:10     | Found a staircase to the Lair.
 11512 | D:10     | Found a burning altar of Makhleb.
 11756 | D:9      | Bought a scroll of identify for 30 gold pieces
 11756 | D:9      | Bought a scroll of identify for 30 gold pieces
 11756 | D:9      | Bought a scroll of identify for 30 gold pieces
 11756 | D:9      | Bought a scroll of enchant armour for 112 gold pieces
 11756 | D:9      | Bought a scroll of teleportation for 45 gold pieces
 11891 | Lair:1   | Entered Level 1 of the Lair of Beasts
 11979 | Lair:1   | Reached skill level 10 in Armour
 12244 | Lair:1   | Found a frozen archway.
 12306 | IceCv    | Entered an ice cave
 12306 | IceCv    | Noticed a white ugly thing
 12311 | IceCv    | Found a transporter.
 12311 | IceCv    | Found a transporter.
 12311 | IceCv    | Noticed a white ugly thing
 12321 | IceCv    | Killed a white ugly thing
 12347 | IceCv    | Identified a +0 robe of resistance
 12555 | Lair:1   | Reached skill level 8 in Ice Magic
 12591 | Lair:1   | Acquired the Collected Works on Hexes and Combat Magic
 12633 | Lair:1   | Reached skill level 1 in Evocations
 13197 | Lair:1   | Noticed Sonja
 13200 | Lair:1   | Killed Sonja
 13201 | Lair:1   | Reached skill level 2 in Spellcasting
 13235 | Lair:1   | Reached skill level 2 in Evocations
 13251 | Lair:1   | Reached skill level 13 in Staves
 13365 | Lair:1   | Noticed Gastronok
 13393 | Lair:1   | Killed Gastronok
 14761 | D:11     | Reached skill level 3 in Spellcasting
 14761 | D:11     | Reached skill level 3 in Evocations
 14780 | D:11     | Gained mutation: You have a sharp stinger which inflicts
                  | weakening toxins. [demonic ancestry]
 14780 | D:11     | Reached XP level 12. HP: 42/76 MP: 13/16
 14972 | D:11     | Noticed a centaur warrior
 14986 | D:11     | Killed a centaur warrior
 15324 | D:11     | Noticed a boulder beetle
 15532 | D:11     | Killed a boulder beetle
 16284 | D:12     | Reached skill level 4 in Evocations
 16334 | D:12     | Noticed a two-headed ogre
 16347 | D:12     | Killed a two-headed ogre
 16348 | D:12     | Reached skill level 4 in Spellcasting
 16348 | D:12     | Reached skill level 9 in Ice Magic
 16438 | D:12     | Noticed a boulder beetle
 16460 | D:12     | Killed a boulder beetle
 16531 | D:12     | Noticed a boulder beetle
 16534 | D:12     | Noticed a satyr
 16534 | D:12     | a boulder beetle changed into a satyr
 16550 | D:12     | Killed a satyr
 16758 | D:12     | Reached skill level 14 in Staves
 17246 | D:12     | Reached skill level 2 in Dodging
 17439 | D:13     | Noticed a tengu warrior
 17443 | D:13     | Noticed a tengu warrior
 17706 | Lair:2   | Reached skill level 5 in Evocations
 17861 | Lair:2   | Reached skill level 3 in Dodging
 18063 | Lair:2   | Reached skill level 10 in Ice Magic
 18865 | Lair:3   | Noticed an eight-headed hydra
 18868 | Lair:3   | Noticed a four-headed hydra
 18877 | Lair:2   | Killed an eight-headed hydra
 18878 | Lair:2   | Reached XP level 13. HP: 51/81 MP: 13/19
 19044 | Lair:2   | Learned a level 7 spell: Ozocubu's Refrigeration
 19223 | Lair:3   | Learned a level 5 spell: Freezing Cloud
 19379 | Lair:3   | Reached skill level 11 in Ice Magic
 19549 | Lair:3   | Identified the +1 leather armour "Lapyjui" {Dex+6}
 20006 | Lair:4   | Found a hole to the Spider Nest.
 20285 | Lair:4   | Found a staircase to the Swamp.
 20353 | Lair:4   | Reached skill level 1 in Conjurations
 20634 | Lair:4   | Reached skill level 2 in Conjurations
 21282 | Lair:4   | Reached skill level 12 in Ice Magic
 21802 | Lair:5   | Reached skill level 3 in Conjurations
 22741 | D:13     | Reached skill level 1 in Air Magic
 22875 | D:13     | Identified the +12 morningstar of Sequestration {drain,
                  | rPois Int+4 Dex-3}
 22921 | D:13     | Got Kynydoid's Papyrus of the Evil Snowflakes
 23341 | D:13     | Reached skill level 13 in Ice Magic
 23383 | D:13     | Found a gate to the Vaults.
 23390 | D:13     | Acquired the +5 lajatang of Dishonesty {speed, Str+2 Int+2}
 24247 | Lair:5   | Reached XP level 14. HP: 59/88 MP: 9/20
 24453 | Lair:5   | Found a staircase to the Slime Pits.
 24708 | Lair:5   | Identified a potion of resistance
 24759 | Lair:6   | Entered Level 6 of the Lair of Beasts
 24852 | Lair:6   | Reached skill level 14 in Ice Magic
 25310 | Lair:6   | Reached skill level 5 in Spellcasting
 25463 | Lair:6   | Reached skill level 6 in Evocations
 25607 | Lair:6   | Reached skill level 15 in Ice Magic
 26610 | Orc:1    | Entered Level 1 of the Orcish Mines
 26610 | Orc:1    | Noticed Nergalle
 26610 | Orc:1    | Found Jaesyoke's Magic Scroll Shoppe.
 26619 | Orc:1    | Killed Nergalle
 26769 | Orc:2    | Entered Level 2 of the Orcish Mines
 26933 | Orc:2    | Reached skill level 7 in Evocations
 26991 | Orc:2    | Reached ****** piety under Qazlal
 27626 | Orc:2    | Found a staircase to the Elven Halls.
 27967 | Orc:2    | Noticed an orc warlord
 27979 | Orc:2    | Killed an orc warlord
 28350 | Orc:2    | Found Horioc's Jewellery Boutique.
 28635 | Orc:2    | Found Reilumm's Book Shoppe.
 28637 | Orc:2    | Reached skill level 16 in Ice Magic
 28852 | Orc:2    | Reached XP level 15. HP: 93/93 MP: 10/23
 28963 | Orc:2    | Found Sado's Assorted Antiques.
 29001 | Orc:2    | Found Wuirops's Jewellery Shop.
 29188 | Orc:2    | Reached skill level 8 in Evocations
 29777 | Orc:1    | Noticed Urug
 29777 | Orc:1    | Noticed an orc warlord
 29781 | Orc:1    | Killed Urug
 29915 | Orc:2    | Killed an orc warlord
 30202 | Orc:1    | You fall into a shaft and drop 1 floor!
 30574 | Orc:2    | Bought the ring of Xyrenoypn {rC++ Int+6} for 1162 gold
                  | pieces
 30742 | D:14     | Reached skill level 6 in Spellcasting
 30946 | D:14     | Reached skill level 11 in Armour
 32215 | D:15     | Entered Level 15 of the Dungeon
 32234 | D:15     | Reached skill level 2 in Fighting
 32304 | D:15     | Reached skill level 3 in Fighting
 32910 | D:15     | Reached skill level 12 in Armour
 33020 | D:15     | Found a blossoming altar of Fedhas.
 33174 | D:15     | Reached skill level 17 in Ice Magic
 33210 | D:15     | Found a staircase to the Depths.
 33215 | D:15     | Reached skill level 4 in Fighting
 33481 | Spider:1 | Entered Level 1 of the Spider Nest
 33481 | Spider:1 | Noticed Louise
 33809 | Spider:1 | Killed Louise
 33984 | Spider:1 | Reached skill level 5 in Fighting
 34197 | Spider:1 | HP: 9/103 [poisoned by a redback]
 34200 | Lair:4   | >>do i die lol
 34200 | Lair:4   | HP: 3/103 [poisoned by a redback]
 35143 | Spider:1 | Learned a level 6 spell: Simulacrum
 35177 | Spider:2 | Reached XP level 16. HP: 110/110 MP: 20/25
 35232 | Spider:2 | Identified the ring "Gorobloc" {rC+ Will+ Str+6 Dex-4}
 35274 | Spider:2 | Reached skill level 1 in Necromancy
 35617 | Spider:2 | Reached skill level 2 in Necromancy
 35723 | Spider:2 | Reached skill level 6 in Fighting
 35916 | Spider:2 | Reached skill level 7 in Spellcasting
 36078 | Spider:2 | Reached skill level 3 in Necromancy
 37219 | Spider:3 | Noticed Arachne
 37232 | Spider:3 | Killed Arachne
 37467 | Spider:3 | Reached skill level 7 in Fighting
 38318 | Spider:3 | Identified the +5 war axe "Daynixko" {vorpal, rCorr Int+2}
 38427 | Spider:3 | Reached skill level 8 in Spellcasting
 39019 | Spider:4 | Entered Level 4 of the Spider Nest
 39411 | Spider:4 | Reached skill level 18 in Ice Magic
 39419 | Spider:4 | Reached skill level 8 in Fighting
 40780 | Spider:4 | Reached skill level 9 in Spellcasting
 41026 | Spider:4 | Learned a level 9 spell: Polar Vortex
 41118 | Spider:4 | Gained mutation: You punish those that try to bend your
                  | will. (Will+) [demonic ancestry]
 41118 | Spider:4 | Reached XP level 17. HP: 102/124 MP: 30/30
 41376 | Spider:4 | Reached skill level 9 in Fighting
 42560 | Spider:4 | Got a gossamer rune of Zot
 42957 | Vaults:1 | Entered Level 1 of the Vaults
 42996 | Vaults:1 | Reached skill level 10 in Spellcasting
 43495 | Vaults:1 | Reached skill level 19 in Ice Magic
 45558 | Vaults:2 | Reached skill level 20 in Ice Magic
 45601 | Vaults:2 | Found Myvuodghe's Book Boutique.
 45607 | Vaults:2 | Noticed Asterion
 45626 | Vaults:2 | Gained mutation: A meltable icy envelope protects you from
                  | harm. (AC +8) [demonic ancestry]
 45626 | Vaults:2 | Reached XP level 18. HP: 82/127 MP: 8/32
 45626 | Vaults:2 | Killed Asterion
 45817 | Vaults:2 | Found a flickering gateway to a bazaar.
 45825 | Bazaar   | Entered a bazaar
 45926 | Bazaar   | Found Meemot's Antique Weapon Emporium.
 45926 | Bazaar   | Found Lecyups's Antique Weapon Shoppe.
 45948 | Bazaar   | Found Tuuc's Magic Scroll Shoppe.
 45964 | Bazaar   | Found Tojaop's Armour Emporium.
 45964 | Bazaar   | Found Afasa's Jewellery Shoppe.
 45986 | Bazaar   | Found Avijij's Distillery.
 46027 | Bazaar   | Bought a potion of heal wounds for 75 gold pieces
 46027 | Bazaar   | Bought a potion of heal wounds for 75 gold pieces
 46067 | Bazaar   | Bought a scroll of blinking for 52 gold pieces
 46822 | Vaults:2 | Reached skill level 21 in Ice Magic
 47460 | Vaults:2 | Found a staircase to the Crypt.
 47558 | Vaults:2 | Noticed Bai Suzhen
 47602 | Vaults:2 | Killed Bai Suzhen
 48658 | Vaults:3 | Found a magical portal.
 48667 | WizLab   | Entered Yara's Duelist Academy
 48696 | WizLab   | Reached skill level 22 in Ice Magic
 49456 | WizLab   | Noticed Udiugiti
 49476 | WizLab   | Killed Udiugiti the Head Instructor
 50158 | WizLab   | HP: 11/134 [tengu reaver (21)]
 50586 | WizLab   | Got Yara's Disquisition on Bewitchment
 50960 | Vaults:3 | Gained mutation: You are mostly covered in slimy green
                  | scales. (AC +3) [demonic ancestry]
 50960 | Vaults:3 | Reached XP level 19. HP: 114/140 MP: 33/33
 51048 | Vaults:3 | Acquired 857 gold pieces
 52929 | Vaults:4 | Reached skill level 23 in Ice Magic
 53071 | Vaults:4 | Reached skill level 11 in Spellcasting
 54760 | Swamp:1  | Entered Level 1 of the Swamp
 54820 | Swamp:1  | Noticed Josephine
 54883 | Swamp:1  | Killed Josephine
 55025 | Swamp:1  | Identified the +2 robe of Wacrud {Rampage rN+ Will+ SInv}
 55118 | Swamp:1  | Reached skill level 12 in Spellcasting
 55946 | Swamp:2  | Found the +5 sword of Power {vorpal}
 56887 | Swamp:3  | Noticed Jorgrun
 56899 | Swamp:3  | Killed Jorgrun
 57158 | Swamp:3  | Noticed Mlioglotl
 57180 | Swamp:3  | Killed Mlioglotl
 57181 | Swamp:3  | Reached XP level 20. HP: 76/146 MP: 11/36
 57418 | Swamp:3  | Reached skill level 13 in Spellcasting
 57692 | Swamp:4  | Entered Level 4 of the Swamp
 58344 | Swamp:4  | Reached skill level 24 in Ice Magic
 58592 | Swamp:4  | Noticed the 27-headed Lernaean hydra
 58594 | Swamp:4  | Killed the 27-headed Lernaean hydra
 59325 | Swamp:4  | Got a decaying rune of Zot
 59566 | Elf:1    | Entered Level 1 of the Elven Halls
 59763 | Elf:1    | Paralysed by an air elemental for 1 turns
 59975 | Elf:1    | Reached skill level 13 in Armour
 60020 | Elf:1    | Noticed Agnes
 60030 | Elf:1    | Killed Agnes
 60197 | Elf:1    | Noticed Roxanne
 60227 | Elf:1    | Killed Roxanne
 60536 | Elf:1    | Found a gateway to a bazaar.
 60559 | Bazaar   | Entered a bazaar
 60559 | Bazaar   | Found Zykoymor's General Store.
 60559 | Bazaar   | Found Zouheg's Armour Shoppe.
 60559 | Bazaar   | Found Hamuedo's Book Shoppe.
 60559 | Bazaar   | Found Ullyaro's Book Emporium.
 60559 | Bazaar   | Found Sokanuh's Book Shoppe.
 60615 | Bazaar   | Bought a +4 ring mail of fire resistance for 279 gold
                  | pieces
 61413 | Elf:2    | Paralysed by an air elemental for 1 turns
 61765 | Elf:2    | Reached skill level 10 in Fighting
 61945 | Elf:2    | Paralysed by an air elemental for 1 turns
 62500 | Elf:2    | Found a runed translucent gate.
 62501 | Elf:2    | Found a runed translucent gate.
 62501 | Elf:2    | Found a runed translucent gate.
 62626 | Elf:3    | Entered Level 3 of the Elven Halls
 62742 | Elf:3    | Paralysed by an air elemental for 1 turns
 63050 | Elf:3    | Reached skill level 25 in Ice Magic
 63176 | Elf:3    | Identified the +8 chain mail of Hairiness {rN+ Dex-3
                  | Stlth+}
 63524 | Elf:3    | Gained mutation: You are completely covered in slimy green
                  | scales. (AC +4, rPois) [demonic ancestry]
 63524 | Elf:3    | Reached XP level 21. HP: 153/153 MP: 33/38
 63595 | Elf:3    | Identified the +0 troll leather armour "Upsih Gech" {Drain
                  | rElec rPois Regen+ Stlth+}
 63599 | Elf:3    | You are cast into the Abyss!
 63599 | Elf:3    | Cast into level 3 of the Abyss (deep elf elementalist)
 63723 | Abyss:3  | Noticed a profane servitor
 63861 | Elf:3    | You pass through the gate.
 63861 | Elf:3    | Escaped the Abyss
 64670 | Elf:3    | Found Xanat's Assorted Antiques.
 64676 | Elf:3    | Bought a potion of heal wounds for 175 gold pieces
 65679 | Elf:3    | Identified the ring "Qougg" {rC- rN+++ AC+4 Str+5}
 65821 | Elf:3    | Found the +8 storm bow {elec, penet}
 65822 | Elf:3    | Found the +3 pair of gauntlets of War {Slay+5}
 65846 | Elf:3    | Identified the +3 chain mail of Eternal Vigilance {rElec}
 66100 | Orc:2    | Upgraded the game from 0.28-a0-1002-gf00fe891ef to
                  | 0.28-a0-1033-g1a2f33fa85
 66292 | Depths:1 | Entered Level 1 of the Depths
 66292 | Depths:1 | Noticed Sojobo
 66297 | Depths:1 | Reached skill level 4 in Dodging
 66298 | Depths:1 | Killed Sojobo
 66458 | Depths:1 | Found Veavegul's Jewellery Boutique.
 66687 | Depths:1 | Reached skill level 5 in Dodging
 66912 | Depths:1 | Learned a level 3 spell: Frozen Ramparts
 66958 | Depths:1 | Reached skill level 11 in Fighting
 67341 | Depths:1 | Identified the +8 hand axe of Eternal War {freeze, rPois
                  | Int+2 Dex+2}
 67524 | Depths:1 | Found a gateway to Hell.
 67856 | Depths:1 | Reached skill level 6 in Dodging
 68224 | Elf:3    | Bought a scroll of enchant armour for 262 gold pieces
 68224 | Elf:3    | Bought a scroll of acquirement for 1820 gold pieces
 68224 | Elf:3    | Acquired a book of Vapours
 68638 | Depths:1 | Upgraded the game from 0.28-a0-1033-g1a2f33fa85 to
                  | 0.28-a0-1087-gf3fc490d9d
 68954 | Vaults:5 | Entered Level 5 of the Vaults
 68958 | Vaults:5 | Reached skill level 12 in Fighting
 68958 | Vaults:5 | Reached skill level 7 in Dodging
 69060 | Vaults:4 | HP: 12/159 [tengu reaver (6)]
 69806 | Vaults:5 | Reached skill level 8 in Dodging
 70105 | Vaults:5 | Gained mutation: Spells you cast and wands you use may
                  | paralyse nearby enemies. [demonic ancestry]
 70105 | Vaults:5 | Reached XP level 22. HP: 134/168 MP: 39/39
 70158 | Vaults:5 | Got the Guide on Contamination and Companions
 70171 | Vaults:5 | Reached skill level 13 in Fighting
 70235 | Vaults:5 | Noticed a golden dragon
 70260 | Vaults:5 | Killed a golden dragon
 70384 | Vaults:5 | Reached skill level 9 in Dodging
 70604 | Vaults:5 | Got a silver rune of Zot
 70671 | Vaults:5 | Identified the ring of Pezxofe {Fly AC+4 Int-5 Dex+2
                  | Stlth+}
 71207 | Vaults:5 | Reached skill level 14 in Fighting
 71482 | Vaults:5 | Reached skill level 10 in Dodging
 72099 | Vaults:5 | Identified the +2 robe of Spring Thaw {rF- rN++ Will++}
 72814 | Depths:2 | Found Diyvuess's Book Shop.
 73002 | Depths:2 | Found Soehoew's Magic Scroll Emporium.
 73022 | Depths:2 | Bought a scroll of teleportation for 45 gold pieces
 73058 | Depths:2 | Found Seudorel's Book Emporium.
 73156 | Depths:2 | Noticed a golden dragon
 73167 | Depths:2 | Killed a golden dragon
 73168 | Depths:2 | Reached skill level 15 in Fighting
 73219 | Depths:2 | Noticed a golden dragon
 73229 | Depths:2 | Noticed a golden dragon
 73236 | Depths:2 | Killed a golden dragon
 73817 | Depths:2 | Reached skill level 16 in Fighting
 74372 | Depths:2 | Found Quicvukie's General Store.
 74463 | Depths:2 | Noticed a golden dragon
 74479 | Depths:2 | Killed a golden dragon
 74481 | Depths:2 | Reached skill level 17 in Fighting
 74794 | Depths:2 | Found a gateway to a ziggurat.
 74813 | Depths:2 | Noticed a golden dragon
 75225 | Depths:2 | Reached XP level 23. HP: 151/185 MP: 34/40
 75334 | Depths:2 | Found Xiass's Distillery.
 75337 | Depths:2 | Bought a potion of heal wounds for 105 gold pieces
 75337 | Depths:2 | Bought a potion of heal wounds for 105 gold pieces
 75337 | Depths:2 | Bought a potion of curing for 63 gold pieces
 76087 | Depths:2 | Reached skill level 18 in Fighting
 76088 | Depths:2 | Found a one-way gate leading to the halls of Pandemonium.
 76611 | Depths:2 | Identified the +3 great sword of the Singing Butterfly
                  | {antimagic, rPois rN+}
 77157 | Depths:3 | Identified the +1 robe of Sept {rN+++}
 77158 | Depths:3 | Noticed a juggernaut
 77167 | Depths:3 | Killed a juggernaut
 77659 | Depths:3 | Reached skill level 19 in Fighting
 78060 | Depths:3 | Found a one-way gate to the infinite horrors of the Abyss.
 78360 | Depths:3 | Found a basalt altar of Yredelemnul.
 78681 | Depths:4 | Entered Level 4 of the Depths
 78682 | Depths:4 | Noticed a caustic shrike
 78684 | Depths:4 | Noticed a caustic shrike
 78684 | Depths:4 | Noticed a caustic shrike
 78686 | Depths:4 | Noticed a caustic shrike
 78688 | Depths:4 | Noticed a caustic shrike
 78692 | Depths:3 | Killed a caustic shrike
 78700 | Depths:3 | Killed a caustic shrike
 79011 | Depths:4 | Killed a caustic shrike
 79013 | Depths:4 | Killed a caustic shrike
 79014 | Depths:4 | Killed a caustic shrike
 79015 | Depths:4 | Reached skill level 20 in Fighting
 79047 | Depths:4 | Found a flickering gateway to a bazaar.
 79055 | Bazaar   | Entered a bazaar
 79055 | Bazaar   | Found Opnivase's General Store.
 79382 | Bazaar   | Found Xuobuun's Antique Weapon Boutique.
 79390 | Bazaar   | Found Kaukuex's Assorted Antiques.
 79399 | Bazaar   | Bought a scroll of acquirement for 1092 gold pieces
 79399 | Bazaar   | Bought 2 potions of might for 168 gold pieces
 79399 | Bazaar   | Bought a potion of might for 84 gold pieces
 79399 | Bazaar   | Acquired the Catalogue of Shifting Cold
 79403 | Bazaar   | Found Zyol Xos's Antique Weapon Shoppe.
 79749 | Depths:4 | Gained mutation: You are dopey. (Int -2) [a shining eye]
 79753 | Depths:4 | Gained mutation: Your magical capacity is low. (-10% MP) [a
                  | shining eye]
 79777 | Depths:3 | Lost mutation: Your magical capacity is low. (-10% MP)
                  | [potion of mutation]
 79777 | Depths:3 | Lost mutation: You are dopey. (Int -2) [potion of mutation]
 79777 | Depths:3 | Gained mutation: Your spells are a little harder to cast,
                  | but a little more powerful. [potion of mutation]
 79777 | Depths:3 | Gained mutation: You expend magic power (3 MP) to
                  | strengthen your wands. [potion of mutation]
 80277 | Depths:4 | Noticed Saint Roka
 80288 | Depths:4 | Killed Saint Roka
 80563 | Depths:4 | Found a gate to the Realm of Zot.
 81116 | Depths:4 | Reached skill level 26 in Ice Magic
 81425 | Zig:1    | Entered Level 1 of a ziggurat
 81441 | Zig:2    | Entered Level 2 of a ziggurat
 81511 | Zig:3    | Entered Level 3 of a ziggurat
 81512 | Zig:3    | Found the +7 sceptre of Torment {pain, torment}
 81831 | Zig:4    | Entered Level 4 of a ziggurat
 81833 | Zig:4    | Noticed a curse skull
 81837 | Zig:4    | Killed a curse skull
 81865 | Zig:5    | Entered Level 5 of a ziggurat
 81868 | Zig:5    | Noticed a dread lich
 81868 | Zig:5    | Noticed an ancient lich
 81874 | Zig:5    | Killed a dread lich
 81878 | Zig:5    | Killed an ancient lich
 81879 | Zig:5    | Reached skill level 21 in Fighting
 81879 | Zig:5    | Gained mutation: A meltable icy envelope protects you from
                  | harm. (AC +8) [demonic ancestry]
 81879 | Zig:5    | Reached XP level 24. HP: 195/208 MP: 33/40
 81900 | Zig:6    | Entered Level 6 of a ziggurat
 81905 | Zig:6    | Noticed a royal mummy
 81906 | Zig:6    | Found the +2 hood of the Assassin {Detection Stab+ Stlth++}
 81913 | Zig:7    | Entered Level 7 of a ziggurat
 81917 | Zig:7    | Noticed a caustic shrike
 81922 | Zig:7    | HP: 15/208 [caustic shrike (14)]
 81922 | Zig:7    | HP: 6/208 [caustic shrike (2)]
 81922 | Zig:7    | Splashed by a caustic shrike's acid

Vanquished Creatures
  A dread lich (Zig:5)
  An ancient lich (Zig:5)
  A juggernaut (Depths:3)
  Sojobo (Depths:1)
  A Head Instructor (WizLab)
  the Lernaean hydra (Swamp:4)
  Bai Suzhen (Vaults:2)
  Saint Roka (Depths:4)
  5 caustic shrikes
  5 golden dragons
  2 bone dragons (Depths:4)
  Arachne (Spider:3)
  Mlioglotl (Swamp:3)
  Jorgrun (Swamp:3)
  Asterion (Vaults:2)
  A walking earthen tome (Depths:2)
  2 quicksilver dragons
  2 walking divine tomes (Depths:2)
  2 walking frostbound tomes
  A deep elf master archer (Elf:3)
  6 titans
  4 liches
  3 deep elf blademasters (Elf:3)
  Gastronok (Lair:1)
  3 tentacled starspawn (Abyss:3)
  An ancient champion (Zig:4)
  Agnes (Elf:1)
  12 sphinxes
  2 thorn hunters
  10 tengu reavers
  5 shadow dragons
  Roxanne (Elf:1)
  5 storm dragons
  7 frost giants
  A draconian knight (WizLab)
  A fenstrider witch (Swamp:3)
  Louise (Spider:1)
  5 deep elf sorcerers
  An iron dragon (Depths:2)
  2 emperor scorpions (Spider:4)
  4 orc warlords
  8 fire giants
  A draconian shifter (Depths:4)
  4 ghost moths (Spider:4)
  18 vault wardens
  A curse skull (Zig:4)
  2 reapers
  4 ghouls
  2 draconian scorchers (Depths:4)
  5 deep elf elementalists (Elf:3)
  2 war gargoyles (Vaults:5)
  16 very ugly things
  12 ironbound preservers
  A spriggan defender (Depths:2)
  23 stone giants
  6 eleionomae
  A black draconian (Depths:4)
  3 starcursed masses (Abyss:3)
  9 deep elf demonologists
  2 vampire knights
  A green draconian (Depths:4)
  6 entropy weavers
  8 bunyips
  5 deep elf annihilators
  A spark wasp (shapeshifter) (Vaults:5)
  4 spark wasps
  A crystal guardian (Zig:2)
  A lorocyproca (Depths:2)
  3 deep elf death magi
  2 red draconians (Depths:4)
  Josephine (Swamp:1)
  8 ettins
  A shambling mangrove (Swamp:4)
  A mummy priest (Zig:6)
  12 fire dragons
  10 yaktaur captains
  5 deep elf high priests
  4 rakshasas (Depths:2)
  29 vault guards
  10 ice dragons
  Harold (D:7)
  A ghost crab (Swamp:3)
  A peacekeeper (Vaults:2)
  17 hydras
  6 boulder beetles
  13 great orbs of eyes
  5 spriggan air magi
  8 ironbound thunderhulks
  20 centaur warriors
  7 ogre magi
  14 alligators
  7 two-headed ogres
  2 death knights
  3 merfolk avatars
  8 ironbound frosthearts
  18 dancing weapons
  5 deep troll shamans
  6 tengu warriors
  3 vampire magi
  A hell hog (Depths:4)
  A satyr (D:12)
  9 death scarabs
  7 orc high priests
  4 deep troll earth magi
  9 spriggan berserkers
  Urug (Orc:1)
  Sonja (Lair:1)
  11 hell knights
  10 sun demons
  Nergalle (Orc:1)
  2 soul eaters
  10 deep elf knights
  A spectral emperor scorpion (Spider:4)
  A shadow wraith (Vaults:5)
  A shock serpent (shapeshifter) (Vaults:5)
  2 sixfirhies
  A deep troll (shapeshifter) (Vaults:3)
  A salamander mystic (WizLab)
  A golden dragon zombie (Depths:3)
  2 sea snakes (Lair:6)
  A shadow demon (Depths:3)
  38 deep trolls
  2 iron trolls (Depths:1)
  4 goliath frogs
  A phantasmal warrior (Vaults:5)
  11 swamp dragons
  A flayed ghost (Depths:2)
  A swamp dragon (shapeshifter) (Vaults:5)
  4 glowing orange brains
  5 spriggan druids
  A harpy (Vaults:2)
  6 bog bodies
  9 deep elf archers
  13 lindwurms
  Pikel (D:6)
  11 wizards
  17 ironbound convokers
  An orange crystal statue (Depths:3)
  2 wolf spider zombies (Spider:4)
  16 deep elf zephyrmancers
  4 spectral wolf spiders (Spider:4)
  5 necromancers
  17 orb spiders
  7 orc knights
  22 deep elf pyromancers
  A sphinx skeleton (Vaults:2)
  A will-o-the-wisp (Swamp:3)
  7 mana vipers (WizLab)
  5 orc sorcerers
  A frost giant zombie (Depths:3)
  33 wolf spiders
  2 shining eyes (Depths:4)
  46 ugly things
  A manticore (shapeshifter) (Vaults:5)
  17 elephants
  A cyclops (shapeshifter) (Vaults:5)
  5 cyclopes
  4 manticores
  A worldbinder (Abyss:3)
  A human skeleton (Vaults:2)
  A wolf spider (shapeshifter) (Vaults:5)
  2 naga magi (WizLab)
  4 moths of wrath
  3 rust devils
  An eye of devastation (Depths:4)
  5 black mambas
  11 vault sentinels
  A molten gargoyle (Depths:4)
  5 large abominations
  3 orange demons
  4 smoke demons
  An ice statue (Elf:1)
  2 kobold demonologists (D:11)
  A gargoyle (D:13)
  A hellion (Depths:4)
  14 cane toads
  4 torpor snails
  A spectral redback (Spider:4)
  2 redback zombies (Spider:4)
  2 unseen horrors
  An efreet (D:15)
  14 demonic crawlers
  4 tengu conjurers
  43 yaktaurs
  6 komodo dragons
  2 hellwings (Depths:2)
  5 rime drakes
  A tormentor (Zig:3)
  2 ice devils
  A red devil (Depths:2)
  5 freezing wraiths
  An ancient zyme (Zig:3)
  9 trolls
  A guardian mummy (Zig:6)
  A shadow dragon simulacrum (Zig:3)
  39 jumping spiders
  29 hornets
  2 polar bears (Lair:4)
  A polar bear (shapeshifter) (Vaults:4)
  17 blink frogs
  A raiju (shapeshifter) (Depths:2)
  32 slime creatures
  6 spectral jumping spiders (Spider:4)
  3 spectral tarantellas (Spider:4)
  13 tyrant leeches
  2 snapping turtles (Lair:6)
  7 dream sheep (Lair:6)
  A meliai zombie (D:5)
  A stone giant simulacrum (Vaults:4)
  An ettin skeleton (Vaults:4)
  A shadow (D:10)
  Sigmund (D:5)
  4 air elementals
  13 spriggans
  A flying skull (Zig:6)
  30 tarantellas
  6 wyverns
  5 water elementals
  5 wraiths
  46 yaks
  73 redbacks
  2 ynoxinuls (Abyss:3)
  An ushabti (Zig:6)
  A small abomination (Zig:3)
  2 fire elementals
  3 basilisks
  11 vampire mosquitoes
  2 steam dragons
  A golden eye (Zig:3)
  A chaos spawn (Depths:2)
  2 death yak simulacra (IceCv)
  A neqoxec (Depths:2)
  9 wargs
  2 acid dragons
  15 swamp worms
  9 water moccasins
  A hell hound (Depths:4)
  A spectral hornet (Spider:4)
  12 swamp drakes
  5 floating eyes
  58 orc warriors
  An ice beast (D:5)
  A black bear (Lair:5)
  A hornet zombie (Spider:4)
  2 ettin simulacra (Vaults:4)
  19 ogres
  11 wolves
  A necrophage (Swamp:2)
  4 boggarts (Vaults:2)
  4 centaurs
  2 elf simulacra (Vaults:2)
  2 lemures (D:6)
  2 kobold brigands
  A gnoll sergeant (D:6)
  17 bullfrogs
  6 scorpions
  2 earth elementals
  A water moccasin zombie (D:5)
  2 elephant simulacra (IceCv)
  Dowan (D:5)
  28 killer bees
  3 wights (Abyss:3)
  6 electric eels
  3 howler monkeys
  6 centaur zombies
  29 orc priests
  A hound (shapeshifter) (Vaults:5)
  6 jellies
  3 bullfrog skeletons
  A centaur skeleton (D:6)
  A scorpion zombie (D:5)
  21 orc wizards
  A killer bee zombie (D:6)
  18 mummies
  A howler monkey zombie (D:9)
  10 gnolls
  A howler monkey skeleton (D:5)
  6 adders
  A shadow imp (D:8)
  13 white imps
  An ufetubus (D:6)
  A worm (D:2)
  2 dart slugs
  134 orcs
  10 ball pythons
  14 endoplasms
  11 giant cockroaches
  2 gnoll zombies (Ossuary)
  9 goblins
  3 hobgoblins
  4 jackals (D:2)
  25 kobolds
  6 quokkas
  6 bats
  2 frilled lizards (D:3)
  5 kobold zombies (Ossuary)
  An orc zombie (Ossuary)
  4 rats
  12 briar patches
  5 starspawn tentacles (Abyss:3)
2028 creatures vanquished.

Vanquished Creatures (collateral kills)
  2 hydras (Swamp:4)
  An ogre mage (WizLab)
  A vampire mage (WizLab)
  A hell knight (WizLab)
5 creatures vanquished.

Vanquished Creatures (others)
  A deep elf zephyrmancer (Elf:1)
  2 bloated husks
  3 kobolds
  33 fungi
  53 plants
  5 starspawn tentacles (Abyss:3)
97 creatures vanquished.

Grand Total: 2130 creatures vanquished

Table legend: (Time is in decaauts)
 A = Elapsed time spent in this place.
 B = Non-inter-level travel time spent in this place.
 C = Inter-level travel time spent in this place.
 D = Time resting spent in this place.
 E = Time spent auto-exploring this place.
 F = Levels seen in this place.
 G = Mean time per level.
                   A        B        C        D        E       F      G
               +--------+--------+--------+--------+--------+-----+--------+
         Total |  79559 |  74019 |   5540 |  24683 |  37315 |  57 | 1395.8 |
       Dungeon |  20079 |  17679 |   2400 |   2859 |  11833 |  15 | 1338.6 |
          Lair |  11275 |  10477 |    798 |   2866 |   6043 |   6 | 1879.2 |
         Swamp |   4208 |   4100 |    108 |   1526 |   1883 |   4 | 1052.0 |
   Spider Nest |   8055 |   7736 |    319 |   3181 |   3471 |   4 | 2013.8 |
  Orcish Mines |   4263 |   3708 |    555 |    496 |   2583 |   2 | 2131.5 |
   Elven Halls |   6216 |   5787 |    429 |   2507 |   2499 |   3 | 2072.0 |
        Vaults |  12313 |  11837 |    476 |   5022 |   4806 |   5 | 2462.6 |
        Depths |   9485 |   9034 |    451 |   4302 |   3327 |   4 | 2371.2 |
         Abyss |    204 |    204 |      0 |     73 |      0 |   1 |  204.0 |
      Ziggurat |    495 |    495 |      0 |    353 |      0 |   7 |   70.7 |
        Bazaar |    751 |    751 |      0 |      0 |    609 |   3 |  250.3 |
       Ossuary |    260 |    260 |      0 |     50 |     96 |   1 |  260.0 |
      Ice Cave |     45 |     45 |      0 |      0 |      0 |   1 |   45.0 |
        Wizlab |   1904 |   1904 |      0 |   1444 |    164 |   1 | 1904.0 |
               +--------+--------+--------+--------+--------+-----+--------+

Top non-repeatable levels by time:
Depths:2: 3652 daAuts
   Orc:2: 3638 daAuts
  Lair:4: 3564 daAuts
Spider:4: 3496 daAuts
Vaults:4: 3198 daAuts
Vaults:1: 2766 daAuts
  Lair:1: 2766 daAuts
Vaults:2: 2523 daAuts
   Elf:3: 2470 daAuts
Depths:3: 2411 daAuts
   Elf:1: 2333 daAuts
Vaults:5: 2260 daAuts
Spider:2: 2104 daAuts
    D:11: 1986 daAuts
  WizLab: 1904 daAuts

Table legend:
 A = Non-vault XP
 B = Vault XP
 C = Vault XP percentage of total XP
 D = Non-vault monster count
 E = Vault monster count
 F = Vault count percentage of total count
                 A         B        C        D         E       F
            +---------+---------+-------+---------+---------+-------
      Total |  482629 |  510110 |  51.4 |    1201 |     814 |  40.4
            +---------+---------+-------+---------+---------+-------
        D:1 |      37 |      10 |  21.3 |      22 |       5 |  18.5
        D:2 |     129 |       0 |   0.0 |      28 |       0 |   0.0
        D:3 |      86 |       7 |   7.5 |      16 |       4 |  20.0
        D:4 |     187 |      15 |   7.4 |      17 |       1 |   5.6
        D:5 |    1443 |     596 |  29.2 |      28 |       8 |  22.2
        D:6 |    1194 |     651 |  35.3 |      24 |       1 |   4.0
        D:7 |    1430 |     863 |  37.6 |      37 |       1 |   2.6
        D:8 |    1044 |       0 |   0.0 |      21 |       0 |   0.0
        D:9 |    1365 |       0 |   0.0 |      22 |       0 |   0.0
       D:10 |    3766 |       8 |   0.2 |      18 |       4 |  18.2
       D:11 |    4309 |       0 |   0.0 |      20 |       0 |   0.0
       D:12 |    6471 |       0 |   0.0 |      20 |       0 |   0.0
       D:13 |    5355 |    1796 |  25.1 |      15 |       3 |  16.7
       D:14 |    8501 |       0 |   0.0 |      15 |       0 |   0.0
       D:15 |   11949 |    2682 |  18.3 |      20 |       3 |  13.0
     Lair:1 |    4043 |    2890 |  41.7 |      20 |      15 |  42.9
     Lair:2 |    7059 |       0 |   0.0 |      26 |       0 |   0.0
     Lair:3 |    3406 |       0 |   0.0 |      11 |       0 |   0.0
     Lair:4 |   10081 |     848 |   7.8 |      36 |       4 |  10.0
     Lair:5 |    5728 |     183 |   3.1 |      20 |       7 |  25.9
     Lair:6 |   14890 |    7267 |  32.8 |      50 |      18 |  26.5
    Swamp:1 |   12484 |    1583 |  11.3 |      28 |       4 |  12.5
    Swamp:2 |   14504 |       0 |   0.0 |      24 |       0 |   0.0
    Swamp:3 |   18398 |    4187 |  18.5 |      30 |       3 |   9.1
    Swamp:4 |   20009 |   15552 |  43.7 |      32 |      23 |  41.8
   Spider:1 |   13815 |    1232 |   8.2 |      45 |       1 |   2.2
   Spider:2 |   14986 |    4307 |  22.3 |      42 |      12 |  22.2
   Spider:3 |   16416 |    2023 |  11.0 |      46 |       1 |   2.1
   Spider:4 |   11531 |   36934 |  76.2 |      33 |      77 |  70.0
      Orc:1 |    2950 |    1563 |  34.6 |      39 |       2 |   4.9
      Orc:2 |    1180 |   20962 |  94.7 |       1 |     152 |  99.3
      Elf:1 |   13591 |   12706 |  48.3 |      27 |      17 |  38.6
      Elf:2 |   13006 |    4947 |  27.6 |      26 |       6 |  18.8
      Elf:3 |    9477 |   36560 |  79.4 |      17 |      34 |  66.7
   Vaults:1 |   25666 |   16733 |  39.5 |      50 |      28 |  35.9
   Vaults:2 |   21294 |   43345 |  67.1 |      41 |      50 |  54.9
   Vaults:3 |   10182 |    7599 |  42.7 |      16 |      12 |  42.9
   Vaults:4 |   17409 |   27097 |  60.9 |      28 |      37 |  56.9
   Vaults:5 |   23975 |   80002 |  76.9 |      33 |      80 |  70.8
   Depths:1 |   25156 |    7298 |  22.5 |      33 |       5 |  13.2
   Depths:2 |   13313 |   95633 |  87.8 |      16 |      89 |  84.8
   Depths:3 |   21179 |   14202 |  40.1 |      24 |      17 |  41.5
   Depths:4 |   35535 |   30720 |  46.4 |      32 |      39 |  54.9
    Abyss:3 |   10975 |    3209 |  22.6 |      20 |       3 |  13.0
      Zig:1 |    1220 |       0 |   0.0 |       2 |       0 |   0.0
      Zig:2 |    2041 |       0 |   0.0 |       2 |       0 |   0.0
      Zig:3 |    1256 |       0 |   0.0 |       5 |       0 |   0.0
      Zig:4 |    4511 |       0 |   0.0 |       4 |       0 |   0.0
      Zig:5 |   11086 |       0 |   0.0 |       3 |       0 |   0.0
      Zig:6 |    2608 |       0 |   0.0 |      15 |       0 |   0.0
      Zig:7 |     403 |       0 |   0.0 |       1 |       0 |   0.0
    Ossuary |       0 |     156 | 100.0 |       0 |      16 | 100.0
      IceCv |       0 |    1011 | 100.0 |       0 |       5 | 100.0
     WizLab |       0 |   22733 | 100.0 |       0 |      27 | 100.0
            +---------+---------+-------+---------+---------+-------
